 Dungeon Crawl Stone Soup version 0.19.5 (webtiles) character file.

116 McKennaii the Skirmisher (level 4, -4/37 HPs)
             Began as a Demonspawn Abyssal Knight on Apr 27, 2017.
             Was a Believer of Lugonu.
             Slain by an orc
             ... wielding a +0 trident
              (5 damage)
             ... on level 3 of the Dungeon.
             The game lasted 00:04:16 (1876 turns).

McKennaii the Skirmisher (DsAK)                     Turns: 1876, Time: 00:04:17

Health: -4/37      AC:  5    Str: 12    XL:     4   Next: 70%
Magic:  6/6        EV: 15    Int: 14    God:    Lugonu [**....]
Gold:   184        SH:  0    Dex: 13    Spells: 0 memorised, 3 levels left

rFire  . . .     SeeInvis .     a - +1 falchion
rCold  . . .     Gourm    .     j - +1 leather armour {rPois}
rNeg   . . .     Faith    .     (no shield)
rPois  +         Spirit   .     (no helmet)
rElec  .         Reflect  .     r - +0 cloak
rCorr  .         Harm     .     (no gloves)
MR     .....                    (no boots)
Stlth  +.........               (no amulet)
                                v - ring of wizardry
                                s - +4 ring of evasion

@: no status effects
A: demonic guardian 1
a: Depart the Abyss, Bend Space, Renounce Religion


You were on level 3 of the Dungeon.
You worshipped Lugonu.
Lugonu was pleased with you.
You were not hungry.

You visited 1 branch of the dungeon, and saw 3 of its levels.
You visited the Abyss 1 time.

You collected 184 gold pieces.

Inventory:

Hand Weapons
 a - a +1 falchion (weapon)
Armour
 j - a +1 leather armour of poison resistance (worn)
 r - a +0 cloak (worn)
Jewellery
 f - an uncursed ring of fire
 h - a +2 ring of intelligence
 i - an uncursed ring of flight
 s - a +4 ring of evasion (left hand)
 v - a ring of wizardry (right hand)
Scrolls
 b - a scroll of fear {unknown}
 d - 4 scrolls of identify {unknown}
 k - a scroll of remove curse {unknown}
 m - a scroll of magic mapping {unknown}
 o - a scroll of blinking {unknown}
 q - a scroll of fog {unknown}
Potions
 e - 2 potions of ambrosia
 l - 2 potions of flight
 t - a potion of might {unknown}
 u - 2 potions of curing
Comestibles
 c - 2 bread rations
 g - a beef jerky
 p - a slice of pizza


   Skills:
 + Level 3.8 Fighting
 + Level 3.1 Long Blades
 + Level 2.3 Armour
 + Level 1.4 Dodging
 + Level 0.8 Stealth
 + Level 2.7 Invocations


You had 3 spell levels left.
You didn't know any spells.

Dungeon Overview and Level Annotations

Branches:
Dungeon (3/15)

Altars:


Innate Abilities, Weirdness & Mutations

A weak demonic guardian rushes to your aid.


Message History

The orc hits you but does no damage.
You barely miss the orc.
The orc is heavily wounded.
The orc misses you. The orc closely misses you.
You hit the orc.
You kill the orc!
Lugonu accepts your kill. The orc closely misses you.
The orc closely misses you.
Found a stone staircase leading down.
Things that are here:
a mace; a scale mail; an orc corpse You hit the orc.
The orc is moderately wounded.
The orc hits you with a trident.
* * * LOW HITPOINT WARNING * * *
You hit the orc but do no damage.
The orc is moderately wounded.
The orc hits you with a trident.
You die...

#.....## #.##<####
#.###..# #.#.....##
##.####.# #........##
........#####.........#
....###...##..........#
###.......#...........#
# ####.#..............#
# #..###.#/........# #
##. ####..@o...# .. #.
#...).....# ... ##
#.........# ...
#......$.... ##.
.............
.#...........> .
.......!.....
.###..........


You could see an orc.

Vanquished Creatures
  A gnoll (D:1)
  3 adders
  An ooze (D:3)
  A worm (D:2)
  3 dart slugs
  5 leopard geckos
  4 orcs (D:3)
  5 bats
  2 giant cockroaches
  13 goblins
  9 kobolds
  2 quokkas
  2 ball pythons
  A frilled lizard (D:3)
  8 rats
60 creatures vanquished.

Notes
Turn   | Place    | Note
-------+----------+-------------------------------------------
     0 | Abyss:1  | McKennaii the Demonspawn Abyssal Knight began the quest for the Orb.
     0 | Abyss:1  | Reached XP level 1. HP: 18/18 MP: 2/2
    91 | D:1      | Escaped the Abyss
   199 | D:1      | Gained mutation: A weak demonic guardian rushes to your aid. [demonic ancestry]
   199 | D:1      | Reached XP level 2. HP: 21/24 MP: 4/4
   317 | D:1      | Reached * piety under Lugonu
   411 | D:1      | Reached XP level 3. HP: 25/29 MP: 5/5
   783 | D:2      | Reached skill level 1 in Dodging
  1423 | D:2      | Reached XP level 4. HP: 13/36 MP: 6/6
  1619 | D:3      | Reached ** piety under Lugonu
  1875 | D:3      | HP: 1/37 [orc/trident (3)]
  1876 | D:3      | Slain by an orc

Skill      XL: |  1  2  3  4 |
---------------+-------------+-----
Long Blades    | 2 3 |  3.1
Armour         | 2 |  2.3
Dodging        | 1 |  1.4
Fighting       | |  3.8
Stealth        | |  0.8
Invocations    | |  2.7

Action                   |  1- 3 |  4- 6 || total
-------------------------+-------+-------++-------
Melee: Falchion          |    92 |    68 ||   160
Invok: Depart the Abyss  |     1 |       ||     1
  Use: Potion            |     5 |       ||     5
  Eat: Chunk             |     2 |     1 ||     3
Armor: Leather armour    |    35 |    21 ||    56
Dodge: Dodged            |    73 |    61 ||   134
       Rpst.: Falchion   |    25 |    19 ||    44
